 Dungeon Crawl Stone Soup version 0.29-a0-998-g1987434951 (webtiles) character file.

Game seed: 12570542550920933867

12025 kae the Arsonist (level 11, 0/64 HPs)
             Began as a Deep Elf Fire Elementalist on Aug 5, 2022.
             Was a Believer of Vehumet.
             Slain by a yak (9 damage)
             ... on level 1 of the Lair of Beasts.
             The game lasted 00:13:13 (13381 turns).

kae the Arsonist (Deep Elf Fire Elementalist)      Turns: 13381, Time: 00:13:14

Health: 0/64       AC:  4    Str:  5    XL:     11   Next: 57%
Magic:  13/26      EV: 20    Int: 25    God:    Vehumet [**....]
Gold:   833        SH:  0    Dex: 15    Spells: 15/28 levels left

rFire   . . .      SeeInvis .   e - +1 whip (protect)
rCold   . . .      Faith    .   (no shield)
rNeg    . . .      Spirit   .   a - +0 robe
rPois   .          Reflect  .   (no helmet)
rElec   .          Harm     .   (no cloak)
rCorr   .          Rampage  .   f - +1 pair of gloves
Will    +....                   (no boots)
Stlth   ++........              (no amulet)
HPRegen 0.20/turn               L - ring of flight
MPRegen 0.20/turn               E - +4 ring of evasion

@: flying
A: no striking features
a: Renounce Religion


You were on level 1 of the Lair of Beasts.
You worshipped Vehumet.
Vehumet was pleased with you.
You visited 3 branches of the dungeon, and saw 12 of its levels.

You collected 1119 gold pieces.
You spent 286 gold pieces at shops.


   Skills:
 + Level 5.4 Fighting
 + Level 8.2 Dodging
 - Level 2.4 Stealth
 + Level 9.1 Spellcasting
 * Level 10.5 Conjurations
 + Level 7.5 Hexes
 * Level 11.0 Fire Magic


You had 15 spell levels left.
You knew the following spells:

 Your Spells              Type           Power      Damage    Failure   Level
a - Foxfire               Conj/Fire      100%       2x1d9     1%          1
b - Scorch                Fire           100%       2d10      1%          2
c - Conjure Flame         Conj/Fire      60%        6-21      1%          3
d - Inner Flame           Hex/Fire       55%        N/A       1%          3
e - Flame Wave            Conj/Fire      60%        2d14      1%          4

Your spell library contained the following spells:

 Spells                   Type           Power      Damage    Failure   Level
 Stone Arrow              Conj/Erth      74%        3d11      1%          3
 Confusing Touch          Hex            48%        N/A       1%          3
 Fireball                 Conj/Fire      30%        3d13      1%          5
 Iskenderun's Battlesphe  Conj           59%        2d11      1%          5
 Summon Guardian Golem    Hex/Summ       30%        N/A       3%          3
 Summon Small Mammal      Summ           44%        N/A       5%          1
 Poisonous Vapours        Pois/Air       22%        N/A       9%          2
 Sublimation of Blood     Necr           11%        N/A       9%          2
 Call Canine Familiar     Summ           11%        N/A       16%         3
 Irradiate                Conj/Tmut      18%        3d17      17%         5
 Yara's Violent Unravell  Hex/Tmut       15%        3d8       32%         5
 Corpse Rot               Necr/Pois/Air  11%        N/A       47%         4
 Petrify                  Tmut/Erth      11%        N/A       47%         4
 Orb of Destruction       Conj           29%        9d9       52%         7
 Conjure Ball Lightning   Conj/Air       18%        3x3d6     67%         6
 Enfeeble                 Hex            24%        N/A       91%         7

Inventory:

Hand Weapons
 e - a +1 whip of protection (weapon)
   (You found it on level 2 of the Dungeon)
Missiles
 c - 108 stones
 k - 4 poisoned darts
 t - 12 boomerangs
 H - 4 silver boomerangs
Armour
 a - a +0 robe (worn)
 f - a +1 pair of gloves (worn)
   (You found it on level 2 of the Dungeon)
Jewellery
 d - a +6 ring of dexterity
   (You found it on level 6 of the Dungeon)
 D - a +6 ring of dexterity
   (You found it on level 4 of the Dungeon)
 E - a +4 ring of evasion (right hand)
   (You found it on level 5 of the Dungeon)
 L - a ring of flight (left hand)
   (You found it on level 3 of the Dungeon)
 N - a ring of positive energy
   (You found it on level 9 of the Dungeon)
Wands
 l - a wand of iceblast (12)
   (You found it on level 5 of the Dungeon)
 q - a wand of charming (20)
   (You found it on level 5 of the Dungeon)
 r - a wand of polymorph (5)
   (You found it on level 9 of the Dungeon)
 u - a wand of digging (4)
   (You found it on level 6 of the Dungeon)
 x - a wand of flame (26)
   (You found it on level 6 of the Dungeon)
 y - a wand of mindburst (13)
   (You found it on level 8 of the Dungeon)
Scrolls
 o - 3 scrolls of poison {!r}
 s - 3 scrolls of teleportation {@r4}
 z - a scroll of enchant weapon
 A - a scroll of fog
 B - 3 scrolls of magic mapping {!r}
 G - 6 scrolls of identify {@r1}
 I - a scroll of immolation {!r!r}
 J - a scroll of blinking {!r}
Potions
 b - a potion of magic
 g - 3 potions of curing {@q1}
 h - 2 potions of haste {@q3}
 i - 6 potions of attraction {!q}
 j - 3 potions of heal wounds {@q2}
 m - 2 potions of flight
 n - 3 potions of ambrosia
 p - 2 potions of lignification {!q}
 v - 3 potions of degeneration {!q}
 w - 2 potions of brilliance
 C - a potion of mutation {!q}
 F - 4 potions of berserk rage {!q}

Dungeon Overview and Level Annotations

Branches:
Dungeon (10/15) Zot: 25375  Temple (1/1) D:5 Zot: 5881    Lair (1/5) D:10 Zot: 5837
    Orc (0/2) D:9

Altars:
Ashenzari
Cheibriados
Dithmenos
Elyvilon
Fedhas
Gozag
Hepliaklqana
Kikubaaqudgha
Makhleb
Nemelex Xobeh
Okawaru
Qazlal
Ru
Sif Muna
Trog
Uskayaw
Vehumet
Wu Jian
Xom
Yredelemnul
Zin
The Shining One

Shops:
D:2 [   D:8 (!:*   D:9 (

Annotations:
D:3 1 runed translucent door, Grinder
D:6 3 runed translucent doors, kae's ghost, novice TeFE

...... ......
......###......
....Y...........
..YF............
....Y)........
.Y..........
#YY....P..
#@....# #.....#
#..†..##
##.....##
##.....##
#......#
##.....##
##.....# #.....#


You could see 6 yaks and a bullfrog.


Message History

You conjure some foxfire!
The black mamba hisses angrily. 😎 MP[-1]
You lost 1 mp, and now have 25/26 mp.
Casting: Foxfire (safe; 1% risk of failure)
Confirm with . or Enter, or press ? or * to list all spells.
You conjure some foxfire!
The foxfire hits the black mamba.
The foxfire hits the black mamba but does no damage.
The foxfire hits the black mamba. x2
Casting: Foxfire (safe; 1% risk of failure)
Confirm with . or Enter, or press ? or * to list all spells.
You conjure some foxfire!
The black mamba closely misses you. The black mamba completely misses you.
The foxfire hits the black mamba. x2; The black mamba bites you.
You are poisoned.
The black mamba poisons you! 😕 HP[-5] MP[-1]
You take 5 damage, and now have 59/64 hp.
You lost 1 mp, and now have 24/26 mp.
Casting: Foxfire (safe; 1% risk of failure)
Confirm with . or Enter, or press ? or * to list all spells.
Flames lash the black mamba.
The black mamba's fire resistance burns away.
You feel very sick.
You hear a bellow! x2
The black mamba barely misses you. x2
You feel very sick. The black mamba completely misses you.
The black mamba bites you.
A yak comes into view. x2 😕 HP[-8] MP[-2]
You take 8 damage, and now have 51/64 hp.
You lost 2 mp, and now have 22/26 mp.
Casting: Scorch (safe; 1% risk of failure)
Confirm with . or Enter, or press ? or * to list all spells.
Flames lash the black mamba.
The black mamba is burned terribly!
You feel very sick.
You hear a bellow!
The black mamba barely misses you. The black mamba misses you.
You feel sick. The black mamba barely misses you.
The black mamba misses you. 😮 HP[-5] MP[-1]
You take 5 damage, and now have 46/64 hp.
You lost 1 mp, and now have 21/26 mp.
Casting: Scorch (safe; 1% risk of failure)
Confirm with . or Enter, or press ? or * to list all spells.
Flames lash the black mamba but do no damage.
You feel sick.
You hear a bellow! x2
The black mamba bites you!
You feel sick. The black mamba bites you!
* * * LOW HITPOINT WARNING * * *
You are more poisoned.
The black mamba poisons you! The black mamba bites you.
* * * LOW HITPOINT WARNING * * *
A yak comes into view. 😨 HP[-21] MP[-2]
You take 21 damage, and now have 25/64 hp.
MASSIVE DAMAGE!! (PAUSE)
You lost 2 mp, and now have 19/26 mp.
Casting: Scorch (safe; 1% risk of failure)
Confirm with . or Enter, or press ? or * to list all spells.
Flames lash the yak but do no damage.
You feel very sick.
The black mamba completely misses you. x2
A yak comes into view. x2
You feel very sick. The black mamba closely misses you.
The black mamba misses you.
A yak comes into view. 😨 HP[-7] MP[-1]
You take 7 damage, and now have 18/64 hp.
You lost 1 mp, and now have 18/26 mp.
Okay, then.
Casting: Scorch (safe; 1% risk of failure)
Confirm with . or Enter, or press ? or * to list all spells.
Casting: Flame Wave (dangerous; 1% risk of failure)
Press: ? - help, Dir - look around, f - activate A wave of flame ripples out!
The flame wave engulfs the yak!
The flame wave engulfs the yak!!
The flame wave engulfs the black mamba.
The black mamba is burned terribly!
You kill the black mamba!
Vehumet accepts your kill. (Press . to intensify the flame waves.)
The yak bellows!
You feel sick.
You hear a croak.
A bullfrog comes into view.
The yak misses you. The yak gores you!
* * * LOW HITPOINT WARNING * * *
Your Fire Magic skill increases to level 11! 😱 HP[-14] MP[-4]
You take 14 damage, and now have 4/64 hp.
MASSIVE DAMAGE!! (PAUSE)
You lost 4 mp, and now have 14/26 mp.
A wave of flame ripples out!
The flame wave engulfs the yak! x2
* * * LOW HITPOINT WARNING * * *
You feel sick. The yak closely misses you.
The yak barely misses you. 😱 HP[-2] MP[-1]
You take 2 damage, and now have 2/64 hp.
You lost 1 mp, and now have 13/26 mp.
You feel better. The yak completely misses you. The yak gores you!
You die...

Skill      XL: |  1  2  3  4  5  6  7  8  9 10 11 |
---------------+----------------------------------+-----
Conjurations   | 2 3 4 5 6 8 9 10 | 10.5
Dodging        | 3 4 5 6 7 8 |  8.2
Fire Magic     | 4 5 6 7 8 10 11 | 11.0
Fighting       | 1 2 3 4 5 |  5.4
Spellcasting   | 4 5 6 7 8 9 |  9.1
Hexes          | 1 3 5 6 7 |  7.5
Stealth        | |  2.4

Action                   |  1- 3 |  4- 6 |  7- 9 | 10-12 || total
-------------------------+-------+-------+-------+-------++-------
Melee: Whip              |       |     2 |     4 |    14 ||    20
 Cast: Foxfire           |    29 |    76 |   116 |    75 ||   296
       Scorch            |     2 |    29 |    50 |    66 ||   147
       Conjure Flame     |       |     1 |     6 |     5 ||    12
       Inner Flame       |       |       |    18 |     6 ||    24
       Flame Wave        |       |       |     3 |    11 ||    14
  Use: Scroll            |       |     6 |    11 |     4 ||    21
       Potion            |       |       |       |     1 ||     1
Armor: Robe              |     2 |     8 |     2 |     5 ||    17
Dodge: Dodged            |     8 |    15 |    54 |    91 ||   168

Levels and vault maps discovered:
D:1:      lemuel_arrival_river_ford, layout_basic, shapermc_ecumenical_altar_gd
D:2:      layout_loops_ring, serial_shops, nicolae_shop_behind_doors
D:3:      layout_basic, lemuel_tele_altar,
          nicolae_dithmenos_through_a_glass_darkly, dk_yredelemnul_ordeal,
          uniq_grinder
D:4:      layout_basic, minivault_14, uniq_robin, uniq_duvessa
D:5:      layout_loops_corners, temple_fountains, uniq_edmund
D:6:      layout_basic, biasface_ghost_orc_armoury, uniq_menkaure
D:7:      layout_loops_corners, mainiacjoe_overflow_six_doors_small
D:8:      layout_basic, serial_shops, shop_fountains, nicolae_take_the_stairs,
          nicolae_square_shop, nicolae_shop_advertising_works
          [nicolae_subvault_shop_adworks], amcnicky_mini_corridor_feature,
          uniq_erica, uniq_maggie, uniq_grum
D:9:      layout_long_grid, orc_david_3, minmay_joined_circles, uniq_maurice
D:10:     layout_roguey, mainiacjoe_overflow_large_starburst,
          dpeg_lair_monsters, uniq_joseph
Temple:   nicolae_temple_superstar
Lair:1:   layout_hall_layers, beast_lair_carwin_1

Notes
Turn   | Place    | Note
-------+----------+-------------------------------------------
     0 | D:1      | kae the Deep Elf Fire Elementalist began the quest for the
                  | Orb.
     0 | D:1      | Reached XP level 1. HP: 10/10 MP: 6/6
     0 | D:1      | magus.rc [v1.11.3]
   161 | D:1      | Found a faded altar of an unknown god.
   503 | D:1      | Reached XP level 2. HP: 15/15 MP: 5/8
   506 | D:1      | Learned a level 2 spell: Scorch
   895 | D:2      | Reached skill level 2 in Conjurations
   895 | D:2      | Reached XP level 3. HP: 19/20 MP: 3/9
   906 | D:2      | Learned a level 3 spell: Conjure Flame
  1280 | D:2      | Reached skill level 3 in Dodging
  1280 | D:2      | Reached skill level 4 in Fire Magic
  1280 | D:2      | Reached XP level 4. HP: 24/24 MP: 3/11
  1372 | D:2      | Found Teugyorph's Armour Shoppe.
  1704 | D:3      | Noticed a gnoll sergeant
  1778 | D:3      | Killed a gnoll sergeant
  1779 | D:3      | Reached skill level 1 in Fighting
  1779 | D:3      | Reached skill level 3 in Conjurations
  1779 | D:3      | Reached XP level 5. HP: 26/29 MP: 4/12
  2039 | D:3      | Noticed a human
  2040 | D:3      | Found a runed translucent door.
  2072 | D:3      | Reached skill level 4 in Spellcasting
  2197 | D:3      | Found a basalt altar of Yredelemnul.
  2265 | D:3      | Noticed Grinder
  2271 | D:3      | Learned a level 3 spell: Inner Flame
  2368 | D:3      | Found an ancient bone altar of Kikubaaqudgha.
  2545 | D:3      | Found a shadowy altar of Dithmenos.
  2635 | D:3      | Reached XP level 6. HP: 34/34 MP: 3/14
  3203 | D:4      | Noticed Duvessa
  3203 | D:4      | Noticed Dowan
  3218 | D:4      | Killed Dowan
  3219 | D:4      | Reached skill level 4 in Conjurations
  3219 | D:4      | Reached skill level 5 in Fire Magic
  3421 | D:4      | Killed Duvessa
  3623 | D:4      | Reached skill level 2 in Fighting
  3708 | D:4      | Reached skill level 4 in Dodging
  3852 | D:4      | Reached XP level 7. HP: 33/40 MP: 11/15
  3958 | D:4      | You pick up a book of Callings and begin reading...
  3958 | D:4      | You add the spells Summon Small Mammal, Call Canine
                  | Familiar and Summon Guardian Golem to your library.
  4185 | D:4      | Noticed Robin
  4199 | D:4      | Killed Robin
  4492 | D:5      | Entered Level 5 of the Dungeon
  4492 | D:5      | Noticed Edmund
  4505 | D:5      | Killed Edmund
  4685 | D:5      | Found a staircase to the Ecumenical Temple.
  4742 | Temple   | Entered the Ecumenical Temple
  4849 | Temple   | Became a worshipper of Vehumet
  4987 | D:5      | Reached skill level 5 in Spellcasting
  4987 | D:5      | Reached skill level 5 in Conjurations
  5351 | D:5      | Reached skill level 6 in Fire Magic
  5398 | D:5      | Learned a level 4 spell: Flame Wave
  5982 | D:6      | Found a runed translucent gate.
  5983 | D:6      | Found a runed translucent gate.
  5985 | D:6      | Found a runed translucent gate.
  5985 | D:6      | Noticed kae's ghost (novice TeFE)
  6359 | D:6      | Reached skill level 1 in Hexes
  6359 | D:6      | Reached XP level 8. HP: 45/45 MP: 12/17
  6413 | D:6      | Identified the +10 chain mail of Panentheism {+Inv Str+3
                  | Int+4 Dex-4}
  6431 | D:6      | Identified a scroll of acquirement
  6431 | D:6      | Acquired 415 gold pieces
  6555 | D:7      | You pick up a book of Vapours and begin reading...
  6555 | D:7      | You add the spells Poisonous Vapours and Corpse Rot to your
                  | library.
  6562 | D:7      | You pick up a book of Alchemy and begin reading...
  6562 | D:7      | You add the spells Sublimation of Blood, Petrify and
                  | Irradiate to your library.
  6893 | D:7      | Found a sacrificial altar of Ru.
  6908 | D:7      | Reached skill level 2 in Hexes
  7026 | D:7      | Reached skill level 5 in Dodging
  7026 | D:7      | Reached skill level 6 in Conjurations
  7169 | D:7      | Reached skill level 3 in Fighting
  7371 | D:7      | Reached skill level 7 in Fire Magic
  7784 | D:6      | Noticed Menkaure
  7790 | D:6      | Killed Menkaure
  7791 | D:6      | Reached skill level 6 in Spellcasting
  7791 | D:6      | Reached skill level 3 in Hexes
  7906 | D:8      | Noticed Maggie
  7916 | D:8      | Killed Maggie
  7916 | D:8      | Reached * piety under Vehumet
  7916 | D:8      | Offered knowledge of Sandblast by Vehumet.
  7917 | D:8      | Reached XP level 9. HP: 51/51 MP: 13/20
  8093 | D:8      | Reached skill level 7 in Conjurations
  8171 | D:8      | Found Xinleh's Assorted Antiques.
  8237 | D:8      | Noticed Grum
  8250 | D:7      | HP: 11/51 [wolf[Grum] (6)]
  8309 | D:7      | HP: 12/51 [wolf[Grum] (5)]
  8585 | D:8      | Killed Grum
  8586 | D:8      | Reached skill level 4 in Hexes
  8586 | D:8      | Reached skill level 8 in Fire Magic
  8835 | D:8      | Reached skill level 6 in Dodging
  8895 | D:8      | Found Qeschalimot's Book Boutique.
  8904 | D:8      | You pick up a book of Misfortune and begin reading...
  8904 | D:8      | You add the spells Confusing Touch, Yara's Violent
                  | Unravelling and Enfeeble to your library.
  8997 | D:8      | Found Coar's Distillery.
  9031 | D:8      | Noticed Erica
  9037 | D:8      | Killed Erica
  9038 | D:8      | Reached skill level 4 in Fighting
  9038 | D:8      | Reached skill level 7 in Spellcasting
  9038 | D:8      | Reached skill level 8 in Conjurations
  9192 | D:8      | Bought a potion of heal wounds for 65 gold pieces
  9192 | D:8      | Bought a potion of mutation for 104 gold pieces
  9192 | D:8      | Bought a potion of berserk rage for 65 gold pieces
  9192 | D:8      | Bought a potion of brilliance for 52 gold pieces
  9249 | D:8      | Found Ompeluewn's Antique Weapon Shop.
  9623 | D:9      | Noticed Maurice
  9643 | D:9      | Reached skill level 5 in Hexes
  9643 | D:9      | Reached XP level 10. HP: 57/57 MP: 9/23
  9654 | D:9      | Killed Maurice
  9655 | D:9      | Reached skill level 9 in Fire Magic
  9905 | D:9      | Offered knowledge of Magic Dart by Vehumet.
 10027 | D:9      | Found a staircase to the Orcish Mines.
 10029 | D:9      | Found Qapanoymp's Weapon Boutique.
 10058 | D:9      | Reached ** piety under Vehumet
 10369 | D:9      | Noticed a two-headed ogre
 10383 | D:9      | Killed a two-headed ogre
 10384 | D:9      | Reached skill level 7 in Dodging
 10385 | D:9      | Reached skill level 9 in Conjurations
 10391 | D:9      | Reached skill level 6 in Hexes
 10404 | D:9      | Reached skill level 8 in Spellcasting
 10585 | D:9      | Reached skill level 10 in Fire Magic
 10726 | D:9      | Reached skill level 5 in Fighting
 10886 | D:9      | Identified the +1 dagger of Fisegomutib {freeze, rPois
                  | Will+}
 11594 | D:10     | Entered Level 10 of the Dungeon
 11605 | D:10     | Reached XP level 11. HP: 61/63 MP: 22/25
 11616 | D:10     | Found a hide-covered altar of Uskayaw.
 11709 | D:10     | Noticed a two-headed ogre
 11729 | D:10     | Killed a two-headed ogre
 11812 | D:10     | You pick up a book of the Spheres and begin reading...
 11812 | D:10     | You add the spells Iskenderun's Battlesphere, Fireball,
                  | Conjure Ball Lightning and Orb of Destruction to your
                  | library.
 11916 | D:10     | Noticed a death yak
 11932 | D:10     | Noticed a death yak
 11932 | D:10     | Noticed a death yak
 11933 | D:10     | HP: 15/63 [death yak (19)]
 11934 | D:10     | Killed a death yak
 11935 | D:10     | Reached skill level 10 in Conjurations
 12175 | D:10     | HP: 10/64 [troll (7)]
 12177 | D:10     | Offered knowledge of Stone Arrow by Vehumet.
 12178 | D:10     | Reached skill level 7 in Hexes
 12426 | D:10     | Killed a death yak
 12427 | D:10     | Reached skill level 8 in Dodging
 12596 | D:10     | Killed a death yak
 12874 | D:10     | Found a bloodstained altar of Trog.
 12889 | D:10     | Found a staircase to the Lair.
 12929 | D:10     | Noticed Joseph
 12939 | D:10     | Killed Joseph
 12940 | D:10     | Reached skill level 9 in Spellcasting
 13219 | Lair:1   | Entered Level 1 of the Lair of Beasts
 13379 | Lair:1   | HP: 16/64 [poisoned by a black mamba]
 13379 | Lair:1   | HP: 4/64 [yak (12)]
 13380 | Lair:1   | Reached skill level 11 in Fire Magic
 13381 | Lair:1   | Slain by a yak

Vanquished Creatures
  2 two-headed ogres
  Erica (D:8)
  3 death yaks (D:10)
  Maurice (D:9)
  A black mamba (Lair:1)
  Joseph (D:10)
  Maggie (D:8)
  An unseen horror (D:9)
  A komodo dragon (Lair:1)
  A kobold demonologist (D:10)
  2 trolls
  A wraith (D:9)
  8 yaks (D:9)
  2 wyverns (D:9)
  Grum (D:8)
  A steam dragon (D:8)
  Menkaure (D:6)
  A vampire mosquito (D:9)
  Edmund (D:5)
  An acid dragon (D:10)
  5 water moccasins
  Duvessa (D:4)
  4 orc warriors
  2 ogres
  3 wolves
  A centaur (D:7)
  2 gnoll sergeants
  A necrophage (D:5)
  4 scorpions
  9 wights
  Dowan (D:4)
  3 killer bees (D:9)
  A howler monkey (D:9)
  2 hounds
  A human zombie (D:3)
  8 orc priests
  3 gnoll boudas
  3 iguanas
  12 orc wizards
  2 hell rats (D:10)
  Robin (D:4)
  21 gnolls
  4 adders
  A river rat (D:10)
  A shadow imp (D:6)
  A white imp (D:5)
  A worm (D:4)
  A dart slug (D:5)
  40 orcs
  6 ball pythons
  8 endoplasms
  6 goblins
  6 hobgoblins
  3 jackals (D:4)
  3 quokkas
  A frilled lizard (D:1)
  A goblin zombie (D:3)
  3 kobolds
  2 rats
210 creatures vanquished.

Vanquished Creatures (collateral kills)
  A foxfire (D:1)
1 creature vanquished.

Vanquished Creatures (others)
  501 foxfires
501 creatures vanquished.

Grand Total: 712 creatures vanquished

Table legend:
 A = Non-vault XP
 B = Vault XP
 C = Vault XP percentage of total XP
 D = Non-vault monster count
 E = Vault monster count
 F = Vault count percentage of total count
                 A         B        C        D         E       F
            +---------+---------+-------+---------+---------+-------
      Total |    8185 |    8994 |  52.4 |     159 |      51 |  24.3
            +---------+---------+-------+---------+---------+-------
        D:1 |      14 |       0 |   0.0 |       9 |       0 |   0.0
        D:2 |     105 |       0 |   0.0 |       8 |       0 |   0.0
        D:3 |     256 |      44 |  14.7 |      15 |       2 |  11.8
        D:4 |     135 |     242 |  64.2 |      19 |      11 |  36.7
        D:5 |     382 |     162 |  29.8 |      11 |       1 |   8.3
        D:6 |     285 |     172 |  37.6 |       3 |       1 |  25.0
        D:7 |     757 |     116 |  13.3 |      18 |       1 |   5.3
        D:8 |     733 |    1640 |  69.1 |      22 |       5 |  18.5
        D:9 |    2217 |    3690 |  62.5 |      26 |      20 |  43.5
       D:10 |    2322 |    2928 |  55.8 |      25 |      10 |  28.6
     Lair:1 |     979 |       0 |   0.0 |       3 |       0 |   0.0
            +---------+---------+-------+---------+---------+-------

Illustrated notes

Table legend:
 A = Kills in this place as a percentage of kills in entire the game.
 B = Kills by you in this place as a percentage of kills by you in the entire game.
 C = Kills by friends in this place as a percentage of kills by friends in the entire game.
 D = Other kills in this place as a percentage of other kills in the entire game.
 E = Experience gained in this place as a percentage of experience gained in the entire game.
 F = Experience gained in this place divided by the number of levels of this place that you have seen.
                   A       B       C       D       E      F
               +-------+-------+-------+-------+-------+----------------------
         Total | 100.0 | 100.0 |   N/A |   N/A | 100.0 | 1431.6
       Dungeon |  98.6 |  98.6 |   N/A |   N/A |  94.3 | 1620.0
          Lair |   1.4 |   1.4 |   N/A |   N/A |   5.7 | 979.0
               +-------+-------+-------+-------+-------+----------------------

Table legend: (Time is in decaauts)
 A = Elapsed time spent in this place.
 B = Non-inter-level travel time spent in this place.
 C = Inter-level travel time spent in this place.
 D = Time resting spent in this place.
 E = Time spent auto-exploring this place.
 F = Levels seen in this place.
 G = Mean time per level.
                   A        B        C        D        E       F      G
               +--------+--------+--------+--------+--------+-----+--------+
         Total |  13387 |  13054 |    333 |   1690 |   9560 |  12 | 1115.6 |
       Dungeon |  13106 |  12803 |    303 |   1690 |   9363 |  10 | 1310.6 |
        Temple |    118 |     89 |     29 |      0 |     73 |   1 |  118.0 |
          Lair |    161 |    161 |      0 |      0 |    124 |   1 |  161.0 |
               +--------+--------+--------+--------+--------+-----+--------+

Top non-repeatable levels by time:
     D:9: 2280 daAuts
     D:7: 1791 daAuts
    D:10: 1625 daAuts
     D:4: 1453 daAuts
     D:3: 1372 daAuts
     D:5: 1332 daAuts
     D:8: 941 daAuts
     D:1: 844 daAuts
     D:2: 825 daAuts
     D:6: 640 daAuts
  Lair:1: 161 daAuts
  Temple: 118 daAuts
